Map: Eternal Empire LE

Players

MCanning - Winner!

  • Race: Protoss Protoss
  • Spawn Location: 1:00

Future

  • Race: Terran Terran
  • Spawn Location: 7:00

Event: DreamHack SC2 Masters 2020 Fall

VOD

Have the link to the VOD?

Description

Time

  • Played on: Sept. 10, 2020, 6:02 p.m.
  • Length: 17:54

All games in this series

Show
View Real Time Build Order
Export as new Build Order

MCanning Protoss - Winner!

Build Orders: 1 Gate Expand, Phoenix Opening 

Get SALT Encoding   

  12  0:00  Probe  
  13  0:12  Probe  
  14  0:17  Pylon  
  14  0:24  Probe  
  15  0:36  Gateway, Probe (Chrono Boost)  
  16  0:46  Assimilator, Probe (Chrono Boost)  
  17  0:51  Probe (Chrono Boost)  
  18  1:03  Probe  
  19  1:15  Probe  
  20  1:18  Unknown  
  20  1:19  Unknown x2  
  20  1:26  Nexus  
  20  1:35  Cybernetics Core  
  20  1:37  Probe  
  21  1:46  Pylon  
  21  1:49  Probe  
  21  1:52  Assimilator  
  22  2:01  Probe  
  23  2:09  Adept (Chrono Boost)  
  23  2:13  Probe  
  26  2:24  Stargate  
  26  2:25  Probe  
  27  2:31  Warp Gate  
  27  2:38  Probe  
  27  2:39  Stalker (Chrono Boost)  
  30  2:47  Probe  
  30  2:50  Probe  
  32  2:59  Probe  
  32  3:02  Probe  
  34  3:07  Phoenix (Chrono Boost)  
  34  3:11  Probe  
  37  3:14  Probe  
  38  3:20  Pylon  
  38  3:23  Probe  
  38  3:24  Phoenix (Chrono Boost)  
  38  3:26  Probe  
  42  3:35  Probe  
  42  3:38  Probe  
  44  3:41  Gateway  
  44  3:46  Gateway  
  44  3:47  Phoenix (Chrono Boost), Probe  
  47  3:50  Probe  
  48  3:57  Pylon  
  48  3:59  Probe  
  48  4:02  Probe  
  50  4:04  Phoenix (Chrono Boost)  
  50  4:07  Assimilator  
  52  4:11  Assimilator, Probe  
  52  4:14  Probe  
  54  4:17  Robotics Facility  
  54  4:23  Probe  
  55  4:26  Probe  
  55  4:27  Pylon  
  56  4:35  Probe  
  57  4:39  Pylon, Probe  
  58  4:45  Forge, Sentry  
  61  4:58  Nexus  
  60  5:00  Pylon  
  60  5:02  Probe  
  60  5:05  Robotics Bay  
  60  5:06  Observer (Chrono Boost)  
  62  5:11  Gateway  
  62  5:14  Gateway, Probe  
  63  5:23  Shield Battery  
  63  5:25  Immortal (Chrono Boost)  
  67  5:31  Stalker  
  67  5:33  Shield Battery  
  67  5:34  Stalker x2  
  73  5:37  Pylon  
  73  5:41  Protoss Ground Weapons Level 1, Probe x2  
  75  5:52  Shield Battery  
  75  5:53  Disruptor (Chrono Boost)  
  78  5:58  Zealot x2, Stalker  
  78  6:00  Probe  
  84  6:11  Zealot  
  84  6:15  Pylon  
  84  6:16  Pylon  
  86  6:19  Twilight Council, Observer  
  86  6:28  Nexus  
  86  6:33  Probe, Colossus (Chrono Boost), Pylon  
  91  6:42  Phoenix  
  91  6:43  Extended Thermal Lance  
  91  6:44  Probe  
  91  6:46  Probe  
  93  6:52  Blink (Chrono Boost)  
  93  6:55  Shield Battery, Sentry  
  93  6:56  Probe  
  93  6:58  Probe  
  97  7:01  Zealot  
  97  7:08  Probe  
  100  7:10  Probe  
  100  7:13  Dark Shrine  
  100  7:14  Gateway  
  101  7:16  Pylon  
  101  7:20  Probe  
  102  7:23  Colossus (Chrono Boost)  
  102  7:28  Probe  
  109  7:32  Pylon  
  110  7:38  Probe (Chrono Boost)  
  110  7:41  Probe (Chrono Boost)  
  110  7:43  Forge  
  112  7:46  Assimilator, Probe (Chrono Boost)  
  112  7:50  Assimilator, Probe (Chrono Boost)  
  114  7:51  Probe (Chrono Boost)  
  114  7:54  Probe (Chrono Boost)  
  114  7:58  Probe  
  115  8:00  Protoss Ground Armor Level 1 (Chrono Boost)  
  115  8:04  Probe  
  117  8:08  Disruptor (Chrono Boost)  
  117  8:09  Stalker x3  
  124  8:14  Probe  
  125  8:22  Zealot, Probe  
  125  8:26  Photon Cannon  
  128  8:29  Protoss Ground Weapons Level 2 (Chrono Boost)  
  128  8:34  Disruptor (Chrono Boost)  
  126  8:36  Zealot  
  126  8:39  Charge  
  131  8:42  Nexus  
  131  8:43  Pylon  
  131  8:45  Dark Templar  
  133  8:50  Dark Templar, Probe  
  133  8:53  Dark Templar  
  138  8:59  Gateway  
  138  9:01  Photon Cannon  
  138  9:03  Disruptor, Shield Battery  
  138  9:07  Probe  
  138  9:09  Zealot  
  144  9:10  Zealot  
  144  9:16  Zealot  
  146  9:17  Photon Cannon  
  146  9:19  Probe  
  146  9:20  Probe x2  
  145  9:32  Probe x3  
  145  9:38  Pylon  
  144  9:39  Disruptor, Pylon  
  144  9:40  Robotics Facility  
  144  9:41  Dark Templar  
  149  9:47  Probe  
  149  9:49  Probe  
  149  9:53  Probe  
  149  9:56  Templar Archives, Gateway  
  149  9:57  Protoss Ground Armor Level 2 (Chrono Boost), Dark Templar  
  149  9:58  Dark Templar  
  153  10:00  Zealot, Probe  
  153  10:02  Archon  
  156  10:08  Assimilator  
  156  10:09  Dark Templar  
  156  10:12  Zealot x2, Assimilator  
  161  10:20  Zealot x2  
  165  10:22  Disruptor  
  166  10:30  Zealot  
  166  10:35  Zealot x3  
  172  10:36  Shield Battery  
  170  10:43  Protoss Ground Weapons Level 3 (Chrono Boost)  
  170  10:44  Probe  
  171  10:53  Zealot x3  
  171  10:54  Zealot x2  
  171  10:56  Zealot  
  175  11:05  Shadow Stride (Chrono Boost)  
  175  11:09  Probe  
  176  11:17  Probe  
  176  11:18  Dark Templar x3  
  177  11:20  Psionic Storm  
  177  11:21  Nexus  
  177  11:22  Probe x2  
  177  11:23  Pylon  
  176  11:34  Dark Templar  
  176  11:36  Dark Templar  
  178  11:40  Dark Templar  
  178  11:47  Gateway, Photon Cannon  
  180  11:48  Gateway  
  180  11:49  Gateway  
  180  11:51  Photon Cannon  
  180  11:52  Shield Battery, Gateway  
  180  11:56  Disruptor (Chrono Boost)  
  180  11:58  Disruptor (Chrono Boost), Protoss Ground Armor Level 3 (Chrono Boost)  
  168  12:03  Zealot x5  
  181  12:11  High Templar  
  181  12:12  High Templar  
  181  12:13  Probe  
  186  12:20  Probe  
  187  12:24  Unknown  
  187  12:27  Pylon  
  187  12:33  Immortal  
  191  12:37  High Templar  
  191  12:40  Pylon  
  191  12:41  Dark Templar x2  
  191  12:42  Dark Templar  
  199  12:53  Photon Cannon  
  199  12:56  Photon Cannon  
  199  12:58  Pylon  
  197  13:11  Dark Templar  
  197  13:17  Protoss Shields Level 1 (Chrono Boost)  
  197  13:19  Probe  
  195  13:24  Probe  
  190  13:30  Dark Templar x2  
  190  13:31  Dark Templar x2  
  190  13:33  Probe  
  195  13:34  Photon Cannon  
  195  13:36  Shield Battery  
  191  13:52  Pylon  
  165  14:05  Probe  
  165  14:07  Zealot x5  
  165  14:08  Dark Templar x6  
  165  14:09  Dark Templar  
  188  14:13  Nexus  
  188  14:16  Pylon  
  188  14:31  Archon  
  188  14:32  Dark Templar x4  
  188  14:37  Archon  
  188  14:38  Archon  
  194  14:57  High Templar  
  194  14:59  Protoss Shields Level 2 (Chrono Boost), Photon Cannon  
  196  15:01  Photon Cannon  
  196  15:02  Photon Cannon  
  196  15:04  Shield Battery  
  196  15:06  Shield Battery  
  188  15:07  Pylon  
  188  15:19  Stargate  
  188  15:23  Warp Prism (Chrono Boost), Nexus  
  188  15:24  Dark Templar x6, Pylon  
  200  15:41  Probe  
  193  15:53  Stalker x5  
  193  15:54  Stalker  
  195  16:13  Fleet Beacon  
  195  16:14  Stargate  
  195  16:16  Stargate  
  193  16:25  Dark Templar x3  
  199  16:42  Photon Cannon  
  199  16:44  Photon Cannon  
  199  16:46  Photon Cannon  
  199  16:48  Photon Cannon  
  199  16:49  Shield Battery  
  199  16:50  Shield Battery  
  199  16:53  Pylon  
  193  16:59  Assimilator  
  193  17:00  Nexus  
  189  17:03  Pylon  
  189  17:04  Assimilator, Dark Templar x2  
  189  17:05  Dark Templar x3  
  181  17:37  Zealot x2  
  181  17:38  Stalker x2  
  181  17:39  Stalker x6  
Show
View Real Time Build Order
Export as new Build Order

Future Terran 

Build Orders: Reaper Expand 

Get SALT Encoding   

  12  0:00  SCV  
  13  0:13  SCV  
  14  0:17  Supply Depot  
  14  0:25  SCV  
  15  0:39  SCV  
  15  0:41  Barracks  
  16  0:44  Refinery  
  16  0:51  SCV  
  17  1:03  SCV  
  18  1:15  SCV  
  19  1:28  Orbital Command, Reaper  
  20  1:41  Command Center  
  20  1:43  Unknown  
  20  1:50  Supply Depot  
  20  1:54  SCV  
  21  2:00  Marine  
  22  2:06  SCV  
  23  2:10  Factory  
  23  2:18  SCV  
  23  2:19  Refinery  
  23  2:22  Barracks Reactor  
  24  2:30  SCV  
  25  2:42  SCV  
  26  2:53  Orbital Command  
  26  2:54  SCV  
  26  2:57  Armory, Factory Tech Lab  
  27  2:59  Marine x2  
  29  3:06  SCV  
  30  3:15  Starport  
  30  3:17  Hellion  
  30  3:19  SCV x2  
  34  3:20  Marine  
  34  3:21  Marine  
  34  3:27  Supply Depot  
  36  3:31  SCV x2  
  38  3:38  Marine  
  38  3:39  Marine  
  40  3:48  SCV x2  
  41  3:56  Marine  
  41  3:57  Thor, Marine  
  49  4:03  SCV  
  49  4:07  Supply Depot  
  50  4:13  Marine  
  50  4:14  SCV  
  50  4:15  SCV, Marine  
  52  4:17  Medivac  
  52  4:21  Supply Depot  
  54  4:28  SCV x2  
  56  4:31  Marine  
  56  4:32  Marine  
  56  4:34  Supply Depot  
  58  4:40  SCV x2  
  60  4:50  Marine x2  
  60  4:52  SCV x2  
  64  4:54  Thor  
  70  5:01  Command Center  
  70  5:04  SCV  
  70  5:05  SCV, Supply Depot  
  72  5:08  Marine x2  
  72  5:09  Medivac  
  76  5:16  Supply Depot  
  76  5:20  SCV  
  76  5:21  SCV  
  78  5:27  Marine x2  
  80  5:29  Supply Depot  
  80  5:32  SCV  
  80  5:33  SCV  
  82  5:36  Barracks  
  82  5:42  Barracks  
  82  5:45  SCV x2  
  84  5:50  Thor  
  84  5:51  Marine x2  
  92  6:00  SCV x2  
  92  6:03  Refinery x2  
  94  6:09  Marine  
  94  6:12  SCV  
  94  6:13  SCV  
  94  6:14  Orbital Command  
  94  6:16  Engineering Bay  
  96  6:20  Engineering Bay  
  96  6:24  SCV  
  96  6:25  Starport Reactor  
  97  6:26  Barracks Tech Lab, SCV  
  98  6:36  SCV  
  98  6:40  Barracks  
  98  6:42  Barracks, SCV  
  98  6:46  Orbital Command  
  99  6:47  Terran Infantry Armor Level 1, Terran Infantry Weapons Level 1  
  99  6:48  Marine x2  
  99  6:49  Stimpack, Factory Tech Lab  
  99  6:50  Marine x2  
  99  6:51  SCV  
  104  6:54  SCV  
  105  7:03  SCV  
  105  7:04  Missile Turret  
  105  7:05  Missile Turret  
  105  7:06  Combat Shield, SCV  
  105  7:07  Missile Turret  
  107  7:12  SCV  
  107  7:14  Refinery  
  107  7:15  SCV, Refinery  
  109  7:19  SCV  
  110  7:24  SCV  
  110  7:26  Marauder x2, Supply Depot x2, Marine x2  
  117  7:32  Barracks Tech Lab  
  117  7:33  Barracks Reactor  
  117  7:46  Terran Vehicle Weapons Level 1  
  117  7:48  Marauder x2, Siege Tank, SCV x3, Supply Depot, Marine x2  
  129  7:51  Supply Depot  
  129  7:52  Supply Depot  
  129  7:56  Bunker  
  129  7:58  Missile Turret  
  129  8:00  SCV  
  129  8:02  Missile Turret  
  129  8:03  Armory  
  132  8:07  Marauder  
  132  8:08  Marine  
  132  8:09  Marine x3  
  132  8:10  Marauder  
  138  8:12  Medivac  
  138  8:13  Medivac  
  142  8:20  Siege Tank  
  142  8:21  Marauder  
  147  8:28  Supply Depot  
  147  8:29  Marauder, Supply Depot  
  147  8:31  Marauder  
  151  8:37  Marine  
  151  8:38  Marine x3  
  151  8:39  Concussive Shells  
  155  8:42  Marauder  
  155  8:47  Supply Depot  
  157  8:48  Supply Depot  
  157  8:49  Medivac x2  
  157  8:50  Marauder  
  157  8:53  Siege Tank, Marauder  
  168  9:00  Marine x4  
  172  9:05  Command Center  
  172  9:06  Bunker  
  172  9:11  Terran Infantry Weapons Level 2, Terran Infantry Armor Level 2  
  172  9:14  Terran Vehicle And Ship Armor Level 1  
  172  9:23  Marauder x2  
  172  9:24  Marauder  
  178  9:25  Siege Tank, Marine x2  
  178  9:30  Marine  
  182  9:43  SCV x2  
  182  9:45  SCV  
  180  9:50  Marauder x3  
  181  9:53  Missile Turret  
  181  9:55  SCV x2  
  183  10:00  Siege Tank  
  183  10:04  Marine x2  
  183  10:06  Supply Depot  
  188  10:11  Marauder x3  
  188  10:13  Supply Depot  
  193  10:29  Barracks x2  
  193  10:31  Marine x2  
  193  10:32  Barracks, Marine  
  194  10:36  Ghost Academy  
  170  10:52  Siege Tank  
  170  10:54  Marauder x3  
  170  10:56  Planetary Fortress  
  169  10:57  SCV  
  169  10:58  SCV x2, Marine  
  169  10:59  Marine  
  160  11:06  Medivac  
  160  11:07  Medivac  
  162  11:12  Marine  
  162  11:15  Marauder x3  
  162  11:16  Marine x2  
  162  11:17  Barracks Tech Lab x2  
  169  11:24  Sensor Tower, Missile Turret, SCV x3  
  166  11:33  Barracks Tech Lab, Enhanced Shockwaves  
  166  11:35  Siege Tank  
  166  11:36  Marauder x2  
  166  11:37  Marauder  
  174  11:42  Medivac x2  
  174  11:46  Marauder  
  174  11:47  Marauder  
  182  11:48  Marine  
  182  11:50  Marine x2  
  182  11:52  Marine  
  171  12:01  Marauder x2  
  171  12:02  Marauder  
  171  12:04  Marauder  
  171  12:07  Siege Tank, Unknown  
  182  12:11  Terran Infantry Weapons Level 3  
  181  12:18  Terran Infantry Armor Level 3  
  180  12:36  Ghost x4  
  184  12:37  Ghost  
  184  12:39  Ghost  
  192  12:50  Command Center  
  192  12:52  Siege Tank  
  192  12:53  Personal Cloaking  
  192  13:15  Marauder  
  193  13:24  Marauder x2  
  190  13:38  Siege Tank  
  193  13:44  Barracks  
  193  13:45  Command Center, Barracks  
  193  13:46  Command Center  
  193  13:48  Factory  
  193  14:00  Orbital Command x2  
  179  14:03  Orbital Command  
  179  14:04  Marauder x3  
  179  14:07  Marauder x3  
  179  14:08  Marine x4  
  183  14:25  Marauder x2  
  183  14:26  Marauder  
  183  14:28  Marauder  
  191  14:36  Siege Tank  
  191  14:37  Factory Tech Lab  
  191  14:44  Barracks Tech Lab x2  
  190  14:52  Marauder x3  
  194  14:57  Missile Turret  
  194  14:59  Sensor Tower  
  193  15:08  Siege Tank  
  193  15:09  Siege Tank  
  199  15:14  Orbital Command  
  198  15:24  Command Center  
  157  15:50  Marauder x3  
  157  15:51  Marauder x4, Marine x5  
  157  15:52  Siege Tank  
  157  15:56  SCV x3  
  178  16:02  SCV x2  
  161  16:09  Marine x5  
  161  16:10  SCV x2  
  167  16:13  SCV x2  
  167  16:14  SCV x2  
  171  16:22  Orbital Command, SCV  
  171  16:23  SCV  
  172  16:25  Siege Tank  
  172  16:31  Missile Turret  
  178  16:36  Sensor Tower  
  175  16:40  Orbital Command  
  175  16:44  Marauder  
  175  16:45  Marauder x2  
  179  16:47  Marauder  
  174  16:57  Planetary Fortress  
  174  17:03  SCV x4  
  174  17:08  Siege Tank  
  181  17:11  Sensor Tower  
  181  17:13  Medivac  
  183  17:21  Missile Turret  
  153  17:33  Marauder  

Tags
 
Add a new tag
Caveats
  • Supply blocks, unpowered buildings, or Contaminate may cause inaccurate times.
  • Supply counts are checked every 10 seconds.